Map: Cyber Forest LE

Players

Scarlett

  • Race: Zerg Zerg
  • Spawn Location: 5:00

uThermal - Winner!

  • Race: Terran Terran
  • Spawn Location: 11:00

Event: IEM Season 13: Katowice (2019)

VOD

Have the link to the VOD?

Description

Time

  • Played on: March 1, 2019, 1:13 p.m.
  • Length: 8:28

All games in this series

Show
View Real Time Build Order
Export as new Build Order

Scarlett Zerg 

Build Orders: Pool First, Muta Ling Bane 

Get SALT Encoding   

  12  0:00  Drone  
  13  0:08  Drone  
  14  0:15  Extractor, Drone  
  14  0:31  Spawning Pool  
  14  0:35  Drone  
  14  0:42  Extractor, Drone  
  14  0:49  Overlord  
  15  1:08  Drone  
  16  1:18  Metabolic Boost, Zergling x4  
  18  1:19  Zergling x2  
  19  1:29  Zergling x2  
  20  1:41  Hatchery  
  19  1:50  Queen  
  21  1:58  Overlord  
  21  2:01  Drone  
  22  2:17  Zergling x4  
  24  2:27  Queen, Drone  
  27  2:47  Drone x2  
  29  2:53  Overlord  
  29  2:55  Drone  
  29  2:56  Queen  
  32  3:02  Drone  
  32  3:03  Drone  
  34  3:08  Drone x2  
  34  3:11  Queen  
  38  3:15  Drone  
  38  3:17  Drone  
  40  3:24  Drone  
  40  3:26  Drone  
  42  3:33  Overlord  
  42  3:36  Extractor  
  42  3:37  Drone  
  42  3:38  Drone  
  44  3:41  Drone  
  44  3:51  Queen, Lair  
  44  3:55  Drone x2  
  48  3:57  Drone  
  48  4:01  Drone  
  51  4:02  Drone  
  51  4:07  Overlord  
  51  4:08  Extractor  
  51  4:09  Drone  
  51  4:16  Baneling Nest  
  50  4:18  Drone  
  50  4:21  Overlord  
  51  4:29  Drone x3  
  54  4:34  Drone  
  54  4:35  Drone x2  
  57  4:38  Drone x3  
  57  4:40  Drone  
  59  4:46  Extractor  
  59  4:47  Drone x3  
  61  4:56  Spire  
  60  5:03  Overlord  
  60  5:04  Drone  
  60  5:05  Overseer  
  58  5:15  Zergling x4  
  58  5:19  Drone x3  
  62  5:22  Baneling x2  
  62  5:23  Baneling x3  
  62  5:32  Drone  
  63  5:38  Overlord  
  63  5:46  Hatchery  
  60  6:07  Drone x6  
  60  6:08  Mutalisk x3  
  60  6:11  Mutalisk x2  
  72  6:17  Mutalisk x2  
  80  6:22  Evolution Chamber  
  80  6:23  Evolution Chamber  
  80  6:25  Mutalisk  
  80  6:35  Drone x3  
  83  6:49  Centrifical Hooks  
  83  6:51  Extractor x2, Overlord x2  
  81  6:58  Drone  
  81  6:59  Drone x2  
  84  7:04  Drone x2  
  87  7:08  Drone x3  
  89  7:17  Drone x7  
  96  7:22  Baneling  
  96  7:23  Zergling x2, Baneling x4  
  96  7:27  Baneling  
  96  7:28  Zergling x4  
  99  7:32  Zergling x8  
  99  7:48  Zergling x16  
  99  7:49  Baneling x4  
  99  7:50  Baneling x6  
  103  8:08  Baneling x6  
Show
View Real Time Build Order
Export as new Build Order

uThermal Terran - Winner!

Build Orders: Gas First Reaper Expand, Liberator Opening 

Get SALT Encoding   

  12  0:01  SCV  
  13  0:13  SCV  
  14  0:17  Supply Depot  
  14  0:25  SCV  
  14  0:27  Refinery  
  15  0:38  SCV  
  16  0:44  Barracks  
  16  0:50  SCV  
  17  1:02  SCV  
  18  1:14  SCV  
  19  1:31  Reaper, Orbital Command  
  20  1:42  Command Center  
  20  1:53  Factory  
  20  1:57  SCV  
  21  2:04  Barracks Reactor  
  21  2:09  SCV  
  21  2:12  Supply Depot  
  22  2:21  SCV  
  23  2:22  Command Center  
  23  2:25  Supply Depot  
  22  2:33  SCV  
  22  2:35  Marine  
  23  2:39  Hellion  
  23  2:45  SCV  
  24  2:53  Starport  
  24  3:01  Hellion  
  24  3:04  Barracks Reactor  
  26  3:09  SCV  
  27  3:21  SCV  
  27  3:22  Hellion  
  27  3:24  Liberator  
  27  3:26  Refinery  
  30  3:33  SCV  
  31  3:34  Orbital Command  
  34  3:45  SCV  
  35  3:50  Hellion  
  35  3:53  Hellion  
  39  3:57  SCV  
  39  3:59  Orbital Command  
  40  4:09  SCV  
  41  4:11  Hellion  
  41  4:15  Hellion  
  41  4:16  Barracks Tech Lab  
  45  4:21  SCV  
  45  4:23  Supply Depot  
  46  4:25  SCV  
  47  4:33  SCV  
  47  4:36  Stimpack, Marine  
  47  4:37  SCV  
  47  4:38  Starport Reactor  
  50  4:45  SCV  
  50  4:49  Barracks, Factory Tech Lab  
  50  4:50  Barracks, SCV  
  52  4:53  Marine  
  52  4:59  SCV  
  54  5:01  Engineering Bay  
  54  5:02  SCV  
  55  5:07  Refinery  
  55  5:11  SCV  
  55  5:12  Siege Tank, Marine  
  60  5:14  SCV  
  60  5:19  Supply Depot  
  61  5:23  SCV  
  62  5:31  Terran Infantry Weapons Level 1  
  62  5:38  Supply Depot  
  62  5:41  SCV x2, Marine x3  
  67  5:45  Siege Tank  
  67  5:46  Starport Reactor  
  70  5:50  Bunker  
  70  5:52  Marine x2  
  70  5:53  SCV  
  70  5:57  Supply Depot  
  70  5:59  SCV  
  70  6:00  Marine  
  70  6:02  Marine  
  73  6:05  SCV  
  73  6:10  Marine  
  75  6:11  SCV  
  75  6:12  Marine  
  75  6:17  Marine  
  78  6:18  Siege Tank  
  78  6:19  Supply Depot  
  78  6:23  Medivac x2  
  85  6:25  Marine  
  85  6:28  Missile Turret  
  85  6:31  Missile Turret  
  86  6:37  Combat Shield  
  86  6:40  Marine x3  
  86  6:41  Marine, Supply Depot  
  86  6:44  Marine  
  91  6:48  Supply Depot  
  91  6:52  Siege Tank  
  94  6:58  Marine  
  94  7:02  Medivac, Marine x2  
  94  7:04  Marine  
  94  7:07  Marine  
  97  7:08  Supply Depot  
  97  7:09  Medivac  
  99  7:16  Marine  
  99  7:19  Supply Depot  
  99  7:20  Marine x2  
  99  7:22  Marine  
  103  7:23  Supply Depot  
  103  7:37  Medivac, Marine  
  103  7:39  Marine  
  103  7:41  Marine x2  
  103  7:42  Marine  
  110  7:48  Medivac  
  110  7:50  SCV  
  110  7:52  Supply Depot  
  110  7:54  Marine  
  110  7:57  Marine  
  112  7:59  Marine x2  
  112  8:00  Marine  

Tags
 
Add a new tag
Caveats
  • Supply blocks, unpowered buildings, or Contaminate may cause inaccurate times.
  • Supply counts are checked every 10 seconds.